 Dungeon Crawl Stone Soup version 0.22-a0-224-g8cf3520 (webtiles) character file.

137 Gorglomux the Ducker (level 5, -2/45 HPs)
             Began as a Minotaur Conjurer on Feb 19, 2018.
             Slain by a gnoll
             ... wielding a +0 halberd
              (13 damage)
             ... on level 3 of the Dungeon.
             The game lasted 00:03:19 (2482 turns).

Gorglomux the Ducker (Minotaur Conjurer)            Turns: 2482, Time: 00:03:20

Health: -2/45      AC: 12    Str: 13    XL:     5   Next: 0%
Magic:  6/6        EV:  7    Int: 12    God:
Gold:   108        SH:  0    Dex: 11    Spells: 5/6 levels left

rFire    . . .     SeeInvis .   p - +0 hand axe
rCold    . . .     Gourm    .   (no shield)
rNeg     . . .     Faith    .   r - +0 chain mail
rPois    +         Spirit   .   (helmet restricted)
rElec    .         Reflect  .   (no cloak)
rCorr    .         Harm     .   (no gloves)
MR       .....     Rnd*Rage +   h - +0 pair of boots (curse)
Stlth    ..........             (no amulet)
HPRegen  0.15/turn              (no ring)
MPRegen  0.10/turn              (no ring)

@: no status effects
A: retaliatory headbutt, horns 2, icy blue scales 1, berserk 1, blink, poison
resistance
a: Blink


You were on level 3 of the Dungeon.
You were not hungry.

You visited 1 branch of the dungeon, and saw 3 of its levels.

You collected 108 gold pieces.

Inventory:

Hand Weapons
 m - a +0 short sword
 p - a +0 hand axe (weapon)
Armour
 h - a cursed +0 pair of boots (worn)
 r - a +0 chain mail (worn)
Scrolls
 c - a scroll of magic mapping {unknown}
 d - 2 scrolls of teleportation {unknown}
 k - a scroll of immolation {unknown}
 l - 3 scrolls of identify {unknown}
 n - 2 scrolls of enchant armour {unknown}
 o - 2 scrolls of amnesia {unknown}
 q - a scroll of remove curse {unknown}
Potions
 s - a potion of resistance {unknown}
 u - a potion of degeneration {unknown}
Comestibles
 b - 6 rations
 t - 2 chunks of flesh


   Skills:
 + Level 3.0 Fighting
 + Level 0.9 Axes
 + Level 3.0 Armour
 + Level 3.6 Dodging
 - Level 1.5 Stealth
 - Level 1.3 Spellcasting
 - Level 2.9 Conjurations


You had 5 spell levels left.
You knew the following spells:

 Your Spells              Type           Power        Failure   Level  Hunger
a - Magic Dart            Conj           #...         94%         1    ##.....


Dungeon Overview and Level Annotations

Branches:
Dungeon (3/15)

Altars:

Annotations:
D:3 Cenon's ghost, amateur TeAE


Innate Abilities, Weirdness & Mutations

You reflexively headbutt those who attack you in melee.
You have a pair of horns on your head.
You are partially covered in icy blue scales. (AC +2)
You tend to lose your temper in combat.
You can translocate small distances at will.
Your system is resistant to poisons. (rPois)


Message History

The gnoll hits you but does no damage! The gnoll barely misses you!
The gnoll hits you with a whip!
You butt-ly miss the gnoll!
The gnoll is lightly wounded!
The gnoll butts you from afar with a halberd!!!
The butt barely butts you!
Unknown butt!
You chop the gnoll into pieces!
The gnoll is heavily wounded!
The gnoll closely butts you! The gnoll hits you but does no damage!
Unknown command!
The gnoll hits you with a halberd!!! The gnoll hits you but does no damage!
Unknown command!
You slice the gnoll like a ripe choko!
The gnoll is lightly wounded!
You butt-ly miss the gnoll!
The gnoll hits you but does no damage!
The gnoll hits you with a halberd!!! * * * don't die
* * * The gnoll hits you from butt with a halberd!!! rip

# #...........#
#############.#'######
.................##
#######.#####.#...#
..#<..#.# #.#.#.##
#.#.#g#.# ..#.#..#
#.#.#.#.#.#####.##.##
#.###.#.#...........#
#.#...#.#.......@.#.(......
#.#.###.#.......g.#........
#.#)# #.#.....g...#........
#.#.# #.#.........#........
#.#.###.#.........#........
..................'........
#.#.#####.........#........
#............##...#..
###.#####.##.####.# ..


You could see 2 gnolls.

Vanquished Creatures
  An orc priest (D:2)
  An orc wizard (D:2)
  2 gnolls
  An ooze (D:2)
  A worm (D:2)
  A dart slug (D:1)
  7 orcs
  7 bats
  2 giant cockroaches (D:1)
  6 hobgoblins
  3 frilled lizards
  5 goblins
  4 kobolds
  3 rats
44 creatures vanquished.

Vanquished Creatures (others)
  An orc (D:3)
1 creature vanquished.

Grand Total: 45 creatures vanquished

Notes
Turn   | Place    | Note
-------+----------+-------------------------------------------
     0 | D:1      | Gorglomux the Minotaur Conjurer began the quest for the Orb.
     0 | D:1      | Reached XP level 1. HP: 14/14 MP: 1/1
   179 | D:1      | Reached skill level 1 in Fighting
   179 | D:1      | Reached skill level 1 in Armour
   210 | D:1      | Reached XP level 2. HP: 22/23 MP: 3/3
   726 | D:2      | Reached XP level 3. HP: 15/29 MP: 4/4
  1089 | D:1      | Reached skill level 3 in Dodging
  1180 | D:2      | Gained mutation: Your spells are a little easier to cast, but a little less powerful. [potion of mutation]
  1180 | D:2      | Gained mutation: You tend to lose your temper in combat. [potion of mutation]
  1180 | D:2      | Gained mutation: Your system is resistant to poisons. (rPois) [potion of mutation]
  1184 | D:2      | Reached XP level 4. HP: 12/37 MP: 5/5
  1277 | D:2      | Lost mutation: Your spells are a little easier to cast, but a little less powerful. [potion of mutation]
  1277 | D:2      | Gained mutation: You can translocate small distances at will. [potion of mutation]
  1277 | D:2      | Gained mutation: You are partially covered in icy blue scales. (AC +2) [potion of mutation]
  1915 | D:3      | Noticed Cenon's ghost (amateur TeAE)
  2404 | D:3      | Reached skill level 3 in Fighting
  2404 | D:3      | Reached skill level 3 in Armour
  2404 | D:3      | Reached XP level 5. HP: 36/45 MP: 6/6
  2482 | D:3      | Slain by a gnoll

Vault maps used:
D:1:      dpeg_arrival_windows_large_door, hex_tiny
D:2:      first_ration, minmay_misc_feat_rows, kennysheep_generic_room_9

Skill      XL: |  1  2  3  4 |
---------------+-------------+-----
Fighting       | 1 2 3 |  3.0
Armour         | 1 2 3 |  3.0
Dodging        | 3 |  3.6
Axes           | |  0.9
Stealth        | |  1.5
Spellcasting   | |  1.3
Conjurations   | |  2.9

Action                   |  1- 3 |  4- 6 || total
-------------------------+-------+-------++-------
Melee: Unarmed           |    34 |       ||    34
       Headbutt          |    11 |     9 ||    20
       Short sword       |    62 |     1 ||    63
       Hand axe          |       |    39 ||    39
  Use: Potion            |     2 |     1 ||     3
  Eat: Ration            |       |     1 ||     1
       Chunk             |       |     2 ||     2
Armor: Scale mail        |    43 |     2 ||    45
       Robe              |     4 |       ||     4
       Chain mail        |       |    34 ||    34
Dodge: Dodged            |    82 |    31 ||   113

Table legend:
 A = Spawn XP
 B = Non-spawn XP
 C = Spawn XP percentage of total XP
 D = Spawn monster count
 E = Non-spawn monster count
 F = Spawn count percentage of total count
 G = Total turns spent on level
                    A         B        C        D         E        F      G
               +---------+---------+-------+---------+---------+-------+---------
         Total |       0 |     197 |   0.0 |       0 |      45 |   0.0 |  2482
               +---------+---------+-------+---------+---------+-------+---------
           D:1 |       0 |      27 |   0.0 |       0 |      15 |   0.0 |   564
           D:2 |       0 |     139 |   0.0 |       0 |      21 |   0.0 |  1663
           D:3 |       0 |      31 |   0.0 |       0 |       9 |   0.0 |   255
               +---------+---------+-------+---------+---------+-------+---------
